Map: Orbital Shipyard

Players

LiquidSnute (Snute) - Winner!

  • Race: Zerg Zerg
  • League: Grandmaster

FireCake

  • Race: Zerg Zerg
  • League: Grandmaster

Event: Homestory Cup XII

VOD

Have the link to the VOD?

Description

Time

  • Played on: Dec. 20, 2015, 2:50 p.m.
  • Length: 8:19

All games in this series

Show
View Real Time Build Order
Export as new Build Order

LiquidSnute Zerg - Winner!

Build Orders: Hatch First 

Get SALT Encoding   

  12  0:00  Drone  
  13  0:12  Overlord  
  13  0:17  Drone  
  14  0:30  Drone x2  
  14  0:34  Drone  
  17  0:51  Hatchery  
  17  0:54  Drone  
  17  0:57  Drone  
  18  1:10  Spawning Pool  
  17  1:14  Extractor  
  17  1:15  Drone  
  17  1:18  Drone  
  18  1:28  Drone  
  19  1:39  Drone  
  20  1:49  Overlord  
  20  1:57  Queen  
  22  2:03  Queen  
  22  2:04  Zergling x2  
  22  2:05  Drone  
  26  2:11  Drone  
  26  2:14  Drone  
  26  2:15  Metabolic Boost  
  28  2:22  Drone  
  29  2:25  Drone  
  30  2:32  Overlord, Queen  
  30  2:35  Drone  
  33  2:44  Roach Warren  
  33  2:45  Drone  
  33  2:48  Drone  
  34  2:54  Drone  
  34  2:57  Drone  
  36  3:04  Drone x3  
  39  3:13  Overlord  
  39  3:22  Hatchery  
  39  3:26  Roach x3  
  44  3:33  Roach x2  
  48  3:35  Roach  
  48  3:41  Overlord  
  50  3:43  Roach  
  50  3:48  Overlord  
  51  3:57  Lair  
  51  4:00  Evolution Chamber  
  51  4:01  Drone x3  
  51  4:02  Drone x2  
  55  4:09  Drone  
  56  4:13  Drone x4  
  56  4:15  Drone, Extractor  
  60  4:17  Drone, Extractor  
  60  4:19  Drone  
  60  4:21  Drone  
  62  4:27  Drone x2  
  64  4:34  Zerg Missile Weapons Level 1, Overlord  
  64  4:35  Drone  
  64  4:37  Drone  
  66  4:45  Drone  
  66  4:46  Drone  
  66  4:48  Overlord, Drone x2  
  66  4:49  Drone  
  66  4:50  Drone x3  
  74  4:55  Glial Reconstitution  
  74  4:57  Overlord  
  74  4:58  Drone  
  75  5:00  Drone  
  75  5:04  Extractor  
  75  5:06  Overlord, Drone  
  75  5:07  Drone  
  77  5:12  Roach x3  
  83  5:17  Roach x2  
  83  5:18  Roach  
  89  5:25  Roach x4  
  97  5:31  Overlord x2  
  97  5:32  Roach  
  99  5:37  Overlord  
  99  5:38  Roach x2  
  99  5:41  Overlord  
  99  5:42  Roach  
  105  5:48  Overlord  
  105  5:50  Roach x3  
  105  5:51  Roach  
  105  5:54  Roach  
  105  5:55  Roach  
  117  5:59  Roach, Extractor  
  117  6:04  Roach x4  
  124  6:08  Roach x2  
  130  6:15  Extractor  
  130  6:17  Roach x4  
  138  6:19  Overlord  
  140  6:25  Roach  
  140  6:26  Roach x3  
  140  6:29  Overlord  
  146  6:40  Roach x4  
  154  6:52  Roach x4  
  162  6:55  Overlord  
  154  7:07  Roach x11  
  156  7:14  Roach x2  
  146  7:21  Roach x3  
  148  7:29  Roach  
  144  7:33  Roach x2  
  144  7:41  Roach x2  
  140  7:46  Roach x3  
  142  7:55  Roach  
  142  7:56  Roach x8  
  148  8:01  Ravager  
  148  8:03  Ravager  
  144  8:07  Ravager  
  144  8:09  Ravager  
Show
View Real Time Build Order
Export as new Build Order

FireCake Zerg 

Build Orders: Hatch First 

Get SALT Encoding   

  12  0:00  Drone  
  13  0:08  Drone  
  14  0:16  Overlord  
  14  0:22  Extractor  
  14  0:23  Drone  
  15  0:35  Drone x2  
  17  0:51  Hatchery  
  17  0:55  Drone  
  17  0:59  Drone  
  18  1:09  Extractor  
  17  1:13  Spawning Pool  
  17  1:15  Drone  
  17  1:18  Drone  
  18  1:27  Drone  
  19  1:37  Overlord  
  19  1:48  Drone  
  20  1:58  Drone  
  20  1:59  Queen  
  23  2:02  Queen  
  23  2:03  Drone  
  26  2:09  Metabolic Boost, Drone  
  26  2:13  Drone  
  28  2:20  Drone  
  29  2:27  Drone  
  30  2:34  Hatchery  
  30  2:36  Zergling x2  
  30  2:38  Zergling x2  
  30  2:43  Overlord  
  31  2:49  Baneling Nest  
  30  2:52  Drone  
  30  2:53  Drone  
  32  3:06  Zergling x4  
  34  3:13  Zergling x6  
  34  3:14  Zergling x2  
  34  3:15  Drone x3  
  41  3:27  Overlord  
  41  3:34  Queen  
  41  3:37  Baneling x2  
  43  3:44  Overlord  
  43  3:51  Drone  
  43  3:52  Drone x8  
  51  3:59  Overlord  
  51  4:01  Drone  
  52  4:05  Drone  
  53  4:14  Drone x3  
  56  4:17  Evolution Chamber  
  56  4:20  Drone x7  
  62  4:24  Overlord  
  62  4:28  Drone  
  62  4:31  Extractor x2  
  62  4:34  Roach Warren  
  62  4:36  Drone x2  
  62  4:45  Zerg Missile Weapons Level 1  
  62  4:48  Drone x2  
  62  4:49  Drone x6  
  70  5:01  Drone x3  
  70  5:02  Drone, Overlord  
  70  5:03  Lair  
  70  5:06  Overlord  
  74  5:11  Overlord, Extractor  
  74  5:12  Overlord  
  74  5:13  Overlord  
  73  5:22  Drone x3  
  73  5:23  Roach  
  73  5:24  Roach x5  
  73  5:25  Roach  
  90  5:34  Hatchery  
  89  5:39  Overlord, Extractor x2  
  89  5:41  Drone x3  
  90  5:45  Drone  
  90  5:46  Drone  
  90  5:48  Drone  
  93  5:54  Roach x8  
  93  5:55  Roach  
  111  5:57  Overlord  
  111  5:59  Pneumatized Carapace  
  111  6:01  Overlord  
  111  6:06  Roach x2  
  111  6:08  Glial Reconstitution  
  115  6:17  Overseer  
  115  6:19  Roach  
  115  6:20  Roach x2  
  115  6:21  Queen  
  123  6:27  Roach x7  
  136  6:33  Overlord  
  136  6:34  Overlord  
  136  6:36  Roach x3  
  141  6:52  Roach x6  
  145  7:01  Roach x8  
  139  7:07  Roach x2  
  136  7:12  Roach x2  
  122  7:19  Roach  
  108  7:25  Queen  
  108  7:26  Roach x2  
  100  7:31  Roach x8  
  100  7:34  Roach  
  100  7:35  Roach  
  119  7:43  Roach  
  119  7:44  Roach x3  
  113  7:46  Roach  
  110  7:56  Roach x2  
Tags
 
Add a new tag
Caveats
  • Supply blocks, unpowered buildings, or Contaminate may cause inaccurate times.
  • Supply counts are checked every 10 seconds.